 Dungeon Crawl Stone Soup version 0.16-a0-3596-g438c78e (webtiles) character file.

128 Bloax the Skirmisher (level 4, -4/40 HPs)
             Began as a Demigod Fighter on Jan 12, 2015.
             Killed by nerve-wracking pain
             ... invoked by Grinder
              (10 damage)
             ... on level 3 of the Dungeon.
             The game lasted 00:06:16 (1684 turns).

Bloax the Skirmisher (Demigod Fighter)              Turns: 1684, Time: 00:06:17

Health: -4/40      AC: 14    Str: 21    XL:     4   Next: 58%
Magic:  7/7        EV:  5    Int: 12    God:
Gold:   85         SH:  9    Dex: 18    Spells: 0 memorised, 3 levels left

rFire  . . .     SeeInvis .     s - +0 flail (protect)
rCold  . . .     Clarity  .     q - +0 chain mail
rNeg   . . .     SustAb   +     c - +0 shield
rPois  .         Gourm    .     (no helmet)
rElec  .         Spirit   .     (no cloak)
rCorr  .         Warding  .     (no gloves)
rMut   .         Stasis   .     (no boots)
MR     .....                    (no amulet)
Stlth  ..........               (no ring)
                                n - +3 ring of dexterity

@: lethally poisoned, flying, not resistant to hostile enchantments, extremely
unstealthy
A: sustain abilities
a: no special abilities


You were on level 3 of the Dungeon.
You were not hungry.

You visited 1 branch of the dungeon, and saw 3 of its levels.

You collected 85 gold pieces.


Innate Abilities, Weirdness & Mutations

Your attributes are resistant to harm.


   Skills:
 + Level 3.8 Fighting
 + Level 3.5 Axes
 + Level 2.9 Armour
 - Level 2.6 Shields


You had 3 spell levels left.
You didn't know any spells.

Dungeon Overview and Level Annotations

Branches:
Dungeon (3/15)

Annotations:
D:3 Grinder, Sigmund

Inventory:

Hand weapons
 a - a +0 war axe
 s - a +0 flail of protection (weapon)
   (You took it off a gnoll on level 3 of the Dungeon)
Missiles
 j - 16 bolts
Armour
 c - a +0 shield (worn)
 q - a +0 chain mail (worn)
   (You found it on level 3 of the Dungeon)
 u - a +0 helmet
   (You took it off Robin on level 3 of the Dungeon)
Jewellery
 n - a +3 ring of dexterity (left hand)
   (You found it on level 2 of the Dungeon)
Scrolls
 g - a scroll of enchant weapon {unknown}
 k - a scroll of remove curse {unknown}
 l - 3 scrolls of identify
 m - a scroll of amnesia {unknown}
Potions
 e - a potion of might
 f - a potion of curing
 h - 3 potions of magic
 i - a potion of flight
 o - 2 potions of restore abilities
 r - a potion of berserk rage {unknown}
 t - a potion of degeneration {unknown}
Comestibles
 b - a meat ration
 d - 2 bread rations

..#~~~~~~~~~~~~~~## .
..#~~~~~~~~~~~~~##. #P(....
..#~~~#~~~~~~~~##..#.~~~~~~~~~
..#~~~#~~~~~~~##.#~.~~~~~~~~~~~
..#~~~##~~~~~##~~~~~~.~~~.~~~..
..##~~####~~##~~.#~~~#~~~#~~~#
#.##~## ##~##~.###.###.###.#####
#.###.#######..5.#...#...#...#..#
#.# ##....###...@...............#
#.# #....'.'....................
#.# #....'.#....................
#.# ##....###.................).#
#.###5##### #~...#...#...#...#.)#
#.##~## #~~~###.###.###.####.
..##~~# ##.~~#~~~#~~~#~~~# #.
###~~~# ##.~~~~~.~~~.~~~~.#.
..#5~~# #.P~~~~~~~~~~~P..#.


You could see Grinder.


Message History

Grinder blinks!
Unknown command.
Unknown command.
You enter a teleport trap!
The teleport trap disappears.
Your surroundings suddenly seem different.
Unknown command.
You start resting.
You feel less confused.
Grinder shouts!
Grinder gestures.
Grinder blinks!
Here: Grinder, carrying a wand of confusion {zapped: 15} (moderately wounded)
The floor.
Grinder gestures at you. You resist with significant effort.
You block Grinder's attack.
You hit Grinder.
Grinder is moderately wounded.
Grinder hits you but does no damage.
Your shield and chain mail prevent you from hitting Grinder.
Grinder is moderately wounded.
You block Grinder's attack. Grinder hits you but does no damage.
You barely miss Grinder.
Grinder is moderately wounded.
Grinder hits you.
You writhe in agony.
You closely miss Grinder.
Grinder is moderately wounded.
You block Grinder's attack.
Your chain mail prevents you from hitting Grinder.
Grinder is moderately wounded.
Grinder hits you.
You writhe in agony.
Grinder hits you but does no damage.
You hit Grinder.
Grinder is moderately wounded.
Grinder hits you.
You writhe in agony.
You hit Grinder but do no damage.
Grinder is moderately wounded.
Grinder gestures at you. You resist with significant effort.
You block Grinder's attack.
You sock Grinder!
Grinder is heavily wounded.
Grinder hits you but does no damage.
You closely miss Grinder.
Grinder is heavily wounded.
Grinder hits you.
You writhe in agony.
* * * LOW HITPOINT WARNING * * *
Your chain mail prevents you from hitting Grinder.
Grinder is heavily wounded.
Grinder gestures at you. Pain shoots through your body!
* * * LOW HITPOINT WARNING * * *
Grinder hits you.
* * * LOW HITPOINT WARNING * * *
You writhe in agony.
* * * LOW HITPOINT WARNING * * *
Drink which item? (? for menu, Esc to quit)
You feel better. Grinder barely misses you.
Drink which item? (? for menu, Esc to quit)
It was a potion of flight.
You feel very buoyant.
You fly up into the air.
Grinder completely misses you.
Drink which item? (? for menu, Esc to quit)
It was a potion of poison.
That liquid tasted very nasty...
You are lethally poisoned!
* * * LOW HITPOINT WARNING * * *
You feel sick. Grinder gestures at you. Pain shoots through your body!
You die...

Action                   |  1- 3 |  4- 6 || total
-------------------------+-------+-------++-------
Melee: War axe           |   102 |       ||   102
       Flail             |    10 |    82 ||    92
  Use: Scroll            |       |     3 ||     3
       Potion            |       |     3 ||     3
  Eat: Fruit             |     3 |       ||     3
       Pizza             |     1 |       ||     1

Vault maps used:
D:1:      ncdulo_wetmaze, corexii_hall_statues_i
D:2:      lemuel_crystal_altar
D:3:      wad_lake_hut, uniq_grinder, uniq_robin, uniq_sigmund

Notes
Turn   | Place    | Note
--------------------------------------------------------------
     0 | D:1      | Bloax, the Demigod Fighter, began the quest for the Orb.
     0 | D:1      | Reached XP level 1. HP: 18/18 MP: 2/2
    44 | D:1      | Reached skill level 2 in Axes
   259 | D:2      | Reached XP level 2. HP: 25/25 MP: 3/3
   302 | D:2      | Found a glowing golden altar of the Shining One.
   632 | D:3      | Reached skill level 3 in Fighting
   869 | D:3      | Reached XP level 3. HP: 27/31 MP: 5/5
   912 | D:3      | Reached skill level 3 in Axes
   935 | D:3      | HP: 3/31 [gnoll (6)]
   974 | D:3      | Noticed Sigmund
   996 | D:3      | Noticed Robin
  1003 | D:3      | HP: 6/31 [hobgoblin[Robin] (4)]
  1052 | D:3      | Reached XP level 4. HP: 12/38 MP: 7/7
  1400 | D:3      | Killed Robin
  1564 | D:3      | Noticed Grinder
  1623 | D:3      | Paralysed by Grinder for 7 turns
  1681 | D:3      | HP: 8/40 [Grinder/nerve-wracking pain (6)]
  1681 | D:3      | HP: 1/40 [Grinder (5)]
  1684 | D:3      | Killed from afar by Grinder

Vanquished Creatures
  Robin (D:3)
  4 gnolls (D:3)
  2 adders (D:3)
  A worm (D:2)
  2 giant geckos (D:3)
  An ooze (D:1)
  An orc (D:3)
  2 bats
  4 giant cockroaches
  11 hobgoblins
  A quokka (D:3)
  A giant newt (D:3)
  12 goblins
  7 kobolds
  4 rats
54 creatures vanquished.
